 Dungeon Crawl Stone Soup version 0.23.2-1-ga50397a6bc (webtiles) character file.

Game seed: 12334774226495217371

140 Kobolds4U the Skirmisher (level 5, -1/43 HPs)
             Began as a Demonspawn Berserker on Apr 25, 2019.
             Was a Believer of Trog.
             Killed from afar by an orc wizard (8 damage)
             ... with a magic dart
             ... on level 4 of the Dungeon.
             The game lasted 00:05:10 (3588 turns).

Kobolds4U the Skirmisher (Demonspawn Berserker)     Turns: 3588, Time: 00:05:11

Health: -1/43      AC:  5    Str: 17    XL:     5   Next: 2%
Magic:  5/5        EV: 12    Int:  9    God:    Trog [**....]
Gold:   167        SH:  0    Dex: 13    Spells: 4/4 levels left

rFire    . . .     SeeInvis .   a - +0 falchion
rCold    . . .     Gourm    .   (no shield)
rNeg     . . .     Faith    .   f - +0 leather armour
rPois    .         Spirit   .   g - +2 hat
rElec    .         Reflect  .   (no cloak)
rCorr    .         Harm     .   (no gloves)
MR       ++...                  (no boots)
Stlth    ++........             (no amulet)
HPRegen  1.14/turn              (no ring)
MPRegen  0.09/turn              (no ring)

@: regenerating
A: nightstalker 1
a: Berserk, Trog's Hand, Renounce Religion


You were on level 4 of the Dungeon.
You worshipped Trog.
Trog was pleased with you.
You were near starving.

You visited 1 branch of the dungeon, and saw 4 of its levels.

You collected 167 gold pieces.

Inventory:

Hand Weapons
 a - a +0 falchion (weapon)
Armour
 b - a +0 animal skin
 f - a +0 leather armour (worn)
 g - a +2 hat (worn)
 h - a +0 scale mail
Scrolls
 d - 5 scrolls of remove curse {unknown}
 e - a scroll of enchant weapon {unknown}
 i - a scroll of fear {unknown}
 n - a scroll of immolation {unknown}
 o - 4 scrolls of identify {unknown}
 r - a scroll of enchant armour {unknown}
Potions
 j - a potion of might {unknown}
 k - 2 potions of invisibility {unknown}
 l - a potion of resistance {unknown}
 m - a potion of haste {unknown}
 q - a potion of cancellation {unknown}
 s - 2 potions of heal wounds {unknown}
Comestibles
 c - 8 rations


   Skills:
 * Level 4.9 Fighting
 + Level 3.6 Long Blades
 - Level 1.7 Armour
 + Level 2.2 Dodging


You had 4 spell levels left.
You didn't know any spells.
Your spell library was empty.

Dungeon Overview and Level Annotations

Branches:
Dungeon (4/15)
 Temple: D:4-7

Altars:
Ashenzari
Cheibriados
Makhleb
Ru
Uskayaw
Vehumet

Annotations:
D:4 Grinder


Innate Abilities, Weirdness & Mutations

You are slightly more attuned to the shadows.


Message History

You hit the orc wizard.
The orc wizard is moderately wounded.
The jackal closely misses you. The jackal barely misses you. x2
Grinder gestures at you. Pain shoots through your body!
* * * LOW HITPOINT WARNING * * *
The jackal bites you but does no damage.
The jackal closely misses you. The orc hits you with a +0 short sword.
* * * LOW HITPOINT WARNING * * *
The orc wizard hits you with a +0 dagger.
* * * LOW HITPOINT WARNING * * *
Your skin crawls.
You feel resistant to hostile enchantments.
You feel somewhat more hungry.
The jackal bites you but does no damage. x3
Grinder barely misses you. The jackal closely misses you.
The orc hits you but does no damage. The orc wizard casts a spell at you.
The magic dart hits you!
You die...

.........
#.......#
#.......#
#.....?.#
#.......#
+.......+
#.......#
#h5.....#
#@h.....#
#..ooh.....#
#...So......#
#...........#
.............#
.##..........
#..........


You could see Grinder, an orc wizard, an adder, 2 orcs and 3 jackals.

Vanquished Creatures
  An iguana (D:3)
  5 adders
  2 worms
  2 dart slugs
  3 leopard geckos
  3 orcs
  3 giant cockroaches (D:1)
  10 goblins
  6 hobgoblins
  A jackal (D:4)
  2 quokkas
  A ball python (D:1)
  4 bats
  5 frilled lizards
  4 kobolds
  4 rats
56 creatures vanquished.

Notes
Turn   | Place    | Note
-------+----------+-------------------------------------------
     0 | D:1      | Kobolds4U the Demonspawn Berserker began the quest for the
                  | Orb.
     0 | D:1      | Reached XP level 1. HP: 18/18 MP: 1/1
    78 | D:1      | Gained mutation: You are slightly more attuned to the
                  | shadows. [demonic ancestry]
    78 | D:1      | Reached XP level 2. HP: 24/24 MP: 2/2
  1307 | D:2      | Reached XP level 3. HP: 25/30 MP: 3/3
  1442 | D:2      | Reached skill level 4 in Fighting
  1954 | D:2      | Found a radiant altar of Vehumet.
  1964 | D:2      | Found a shattered altar of Ashenzari.
  2145 | D:2      | Found a hide-covered altar of Uskayaw.
  2145 | D:2      | Found a burning altar of Makhleb.
  2147 | D:2      | Found a snail-covered altar of Cheibriados.
  2148 | D:2      | Found a sacrificial altar of Ru.
  2223 | D:2      | Reached XP level 4. HP: 36/38 MP: 4/4
  2550 | D:3      | Reached ** piety under Trog
  3312 | D:3      | Reached XP level 5. HP: 34/43 MP: 5/5
  3580 | D:4      | Noticed Grinder
  3588 | D:4      | Killed from afar by an orc wizard

Skill      XL: |  1  2  3  4 |
---------------+-------------+-----
Long Blades    | 3 |  3.6
Fighting       | 4 |  4.9
Dodging        | 2 |  2.2
Armour         | |  1.7

Action                   |  1- 3 |  4- 6 || total
-------------------------+-------+-------++-------
Melee: Falchion          |   103 |    72 ||   175
Invok: Trog's Hand       |       |     1 ||     1
 Stab: Sleeping          |     5 |     1 ||     6
       Distracted        |       |     1 ||     1
  Eat: Chunk             |     4 |     3 ||     7
Armor: Animal skin       |    23 |       ||    23
       Leather armour    |     2 |    28 ||    30
Dodge: Dodged            |    73 |    62 ||   135
       Rpst.: Falchion   |    26 |    17 ||    43
